 Dungeon Crawl Stone Soup version 0.19-a0-1626-g5215c36 (webtiles) character file.

306 4thArraOfDagon the Slasher (level 6, -2/47 HPs)
             Began as a Vampire Gladiator on Sept 18, 2016.
             Was an Initiate of Okawaru.
             Slain by a worker ant (6 damage)
             ... on level 6 of the Dungeon.
             The game lasted 00:05:27 (1046 turns).

4thArraOfDagon the Slasher (Vampire Gladiator)      Turns: 1046, Time: 00:05:29

Health: -2/47      AC:  8    Str: 14    XL:     6   Next: 16%
Magic:  6/6        EV: 13    Int: 12    God:    Okawaru [......]
Gold:   205        SH:  0    Dex: 15    Spells: 0 memorised, 5 levels left

rFire  . . .     SeeInvis +     a - +0 long sword
rCold  + . .     Gourm    .     e - +0 ring mail (curse)
rNeg   . . .     Faith    .     (no shield)
rPois  .         Spirit   .     c - +0 helmet
rElec  .         Dismiss  .     b - +0 cloak
rCorr  .         Reflect  .     (no gloves)
MR     .....     Harm     .     j - +0 pair of boots
Stlth  +.........               (no amulet)
                                (no ring)
                                f - ring of protection from cold

@: lethally poisoned (-2 -> -6), regenerating quickly
A: fangs 3, see invisible, unbreathing
a: Renounce Religion


You were on level 6 of the Dungeon.
You worshipped Okawaru.
Okawaru was noncommittal.
You were almost alive.

You visited 2 branches of the dungeon, and saw 7 of its levels.
You also visited: Sewer.

You collected 205 gold pieces.

Inventory:

Hand Weapons
 a - a +0 long sword (weapon)
Armour
 b - a +0 cloak (worn)
 c - a +0 helmet (worn)
 e - a cursed +0 ring mail (worn)
 j - a +0 pair of boots (worn)
Jewellery
 f - a ring of protection from cold (left hand)
Wands
 i - a wand of lightning (0/15)
Potions
 g - 8 potions of blood


   Skills:
 + Level 3.1 Fighting
 * Level 5.1 Long Blades
 - Level 1.5 Throwing
 + Level 4.7 Dodging
 + Level 1.2 Invocations


You had 5 spell levels left.
You didn't know any spells.

Dungeon Overview and Level Annotations

Branches:
Dungeon (6/15)             Temple (1/1) D:5

Altars:
Dithmenos
Gozag
Okawaru
Sif Muna
Xom

Annotations:
D:4 Purgy


Innate Abilities, Weirdness & Mutations

Your natural rate of healing is unusually fast.
You have razor-sharp teeth.
You have supernaturally acute eyesight. (SInv)
You can survive without breathing.


Message History

Unknown command.
You hit the worker ant.
The worker ant is heavily wounded.
* * * LOW HITPOINT WARNING * * *
You feel sick.
The worker ant bites you but does no damage.
Unknown command.
Unknown command.
Enter note: :D You closely miss the worker ant.
The worker ant is heavily wounded.
* * * LOW HITPOINT WARNING * * *
You feel sick. The worker ant barely misses you.
Unknown command.
Unknown command.
You barely miss the worker ant.
The worker ant is heavily wounded.
* * * LOW HITPOINT WARNING * * *
You feel sick. The worker ant bites you.
You die...

......................*
..#########..((#.....,*
...,,*#####.....$#,,,,*
...*,...........##+,,*#
..,**######..(.##,**,.#
..,* #..(##,∩,*#.# ,,,*
#....##,##..# ,,,*
#.....###..#* ,,**
#$....@#..## ,**
######.a.## ** #####


You could see a worker ant.

Vanquished Creatures
  A centaur (D:6)
  A scorpion (D:6)
  A bullfrog zombie (D:5)
  A worker ant (D:4)
  5 adders
  A river rat (D:4)
  2 dart slugs (D:1)
  2 leopard geckos
  2 orcs
  2 ball pythons
  8 bats
  5 giant cockroaches
  5 goblins (D:1)
  5 hobgoblins
  A kobold (D:1)
  A quokka (D:3)
  9 frilled lizards
  7 rats
59 creatures vanquished.

Notes
Turn   | Place    | Note
-------+----------+-------------------------------------------
     0 | D:1      | 4thArraOfDagon the Vampire Gladiator began the quest for the Orb.
     0 | D:1      | Reached XP level 1. HP: 16/16 MP: 1/1
    77 | D:1      | Reached XP level 2. HP: 7/22 MP: 2/2
   191 | D:1      | 4thArraOfDagon: vamps are not that bad
   214 | D:1      | 4thArraOfDagon: not worse than craptaurs :D
   234 | D:1      | timbw: yeah
   243 | D:1      | Reached XP level 3. HP: 26/27 MP: 3/3
   255 | D:1      | timbw: they are 1 step up from ce
   269 | D:2      | jacquesderrida: ;^)
   294 | D:2      | jacquesderrida: it me
   319 | D:2      | timbw: jd
   387 | D:3      | jacquesderrida: In deed
   546 | D:4      | jacquesderrida: snek
   570 | D:4      | Reached skill level 4 in Long Blades
   570 | D:4      | Reached XP level 4. HP: 22/34 MP: 4/4
   621 | D:4      | Found a glowing drain.
   639 | Sewer    | Entered a sewer
   665 | Sewer    | Noticed Purgy
   715 | D:5      | Entered Level 5 of the Dungeon
   727 | D:5      | Found a staircase to the Ecumenical Temple.
   741 | Temple   | Entered the Ecumenical Temple
   766 | Temple   | Became a worshipper of Warmaster Okawaru
   854 | D:5      | Reached XP level 5. HP: 29/39 MP: 5/5
  1020 | D:6      | Noticed a centaur
  1038 | D:6      | Killed a centaur
  1038 | D:6      | Reached skill level 5 in Long Blades
  1038 | D:6      | Reached skill level 1 in Invocations
  1038 | D:6      | Reached XP level 6. HP: 10/47 MP: 6/6
  1045 | D:6      | :D
  1046 | D:6      | Slain by a worker ant

Vault maps used:
D:1:      onia_arrival_pyramid
D:2:      first_bread, uniq_robin
D:3:      tso_altar
D:4:      nemelex_altar_shiori, portal_sewer_entry_a, kennysheep_crisscross
D:5:      trog_hazing_becter, uniq_menkaure
D:6:      zin_statuary, enter_ossuary_5, uniq_duvessa
Temple:   minmay_crystal_spiral_temple
Sewer:    sewer_co_purgy_island

Skill      XL: |  1  2  3  4  5 |
---------------+----------------+-----
Fighting       | 2 3 |  3.1
Long Blades    | 4 5 |  5.1
Dodging        | 4 |  4.7
Invocations    | 1 |  1.2
Throwing       | |  1.5

Action                   |  1- 3 |  4- 6 || total
-------------------------+-------+-------++-------
Melee: Long sword        |   141 |    84 ||   225
       Bite              |    19 |     8 ||    27
Throw: Throwing net      |       |     3 ||     3
Evoke: Wand              |       |     2 ||     2
  Use: Potion            |     1 |     4 ||     5
       Scroll            |     3 |     1 ||     4
 Stab: Held in net/web   |       |     1 ||     1
  Eat: Corpse            |     9 |     1 ||    10
Armor: Leather armour    |     2 |       ||     2
       Ring mail         |    32 |    23 ||    55
Dodge: Dodged            |    85 |    65 ||   150
